Map: Cerulean Fall LE

Players

soul

  • Race: Terran Terran
  • Spawn Location: 7:00

LiquidTLO (TLO) - Winner!

  • Race: Zerg Zerg
  • Spawn Location: 1:00

Event: WCS Montreal 2018

VOD

Have the link to the VOD?

Description

Time

  • Played on: Sept. 7, 2018, 1:42 p.m.
  • Length: 9:22

All games in this series

Show
View Real Time Build Order
Export as new Build Order

soul Terran 

Build Orders: Reaper Expand, Banshee Rush 

Get SALT Encoding   

  12  0:00  SCV  
  13  0:12  SCV  
  14  0:18  Supply Depot  
  14  0:25  SCV  
  15  0:39  SCV  
  15  0:40  Barracks  
  16  0:44  Refinery  
  16  0:51  SCV  
  17  1:03  SCV  
  18  1:15  SCV  
  19  1:27  Reaper  
  19  1:28  Orbital Command  
  20  1:41  Command Center  
  20  1:50  Supply Depot  
  20  1:53  SCV  
  21  1:59  Marine  
  22  2:05  Factory  
  22  2:09  SCV  
  22  2:12  Refinery  
  23  2:17  Marine  
  23  2:22  SCV  
  25  2:34  Bunker  
  25  2:36  Barracks Reactor  
  25  2:37  SCV  
  26  2:49  Hellion  
  26  2:50  Starport  
  28  2:52  SCV  
  28  2:57  Orbital Command  
  29  3:04  SCV  
  30  3:16  SCV  
  30  3:19  Barracks Tech Lab  
  31  3:21  Hellion  
  31  3:22  Hellion  
  31  3:24  SCV  
  35  3:28  SCV  
  35  3:31  Supply Depot  
  36  3:36  SCV  
  36  3:40  SCV  
  38  3:48  Banshee, SCV, Cloaking Field  
  39  3:52  SCV  
  39  3:54  Hellion  
  45  3:56  Supply Depot  
  45  3:59  Hellion  
  45  4:00  SCV  
  48  4:04  SCV  
  48  4:05  Barracks Tech Lab, Supply Depot  
  49  4:12  SCV  
  49  4:17  SCV  
  51  4:24  Command Center, SCV  
  51  4:29  SCV  
  53  4:32  Marine  
  53  4:36  SCV  
  53  4:37  Banshee  
  58  4:41  SCV  
  58  4:44  Barracks  
  59  4:46  Bunker  
  59  4:49  SCV, Factory Reactor, Marine  
  61  4:53  SCV  
  61  4:59  Cyclone  
  65  5:02  SCV  
  65  5:03  Bunker  
  65  5:05  SCV  
  65  5:06  Supply Depot  
  67  5:07  Marine  
  67  5:10  Liberator  
  68  5:15  Engineering Bay  
  68  5:20  SCV  
  69  5:25  Marine  
  73  5:29  SCV  
  73  5:32  Marine  
  73  5:33  Marine  
  78  5:39  Orbital Command  
  78  5:43  Marine  
  78  5:45  SCV  
  76  5:50  SCV, Marine x2  
  76  5:57  SCV  
  76  6:00  Supply Depot  
  76  6:01  Marine  
  69  6:08  Marine x2  
  69  6:10  Medivac  
  71  6:16  SCV  
  72  6:22  SCV  
  73  6:26  SCV, Marine x2  
  73  6:30  Barracks  
  72  6:40  SCV  
  72  6:44  Marine x2  
  72  6:45  Orbital Command  
  65  6:48  Liberator  
  65  6:52  SCV  
  46  7:01  Marine  
  46  7:02  SCV, Marine  
  46  7:04  SCV  
  53  7:11  SCV  
  53  7:14  SCV  
  55  7:16  SCV  
  55  7:20  Marine  
  55  7:22  Marine  
  56  7:23  SCV  
  56  7:26  SCV  
  56  7:28  SCV  
  54  7:35  SCV  
  55  7:38  SCV, Marine, Supply Depot  
  55  7:40  SCV  
  59  7:47  SCV  
  59  7:50  SCV  
  59  7:51  Refinery x2  
  61  7:52  SCV  
  61  7:59  SCV  
  61  8:02  SCV  
  61  8:05  SCV, Starport Reactor, Barracks  
  64  8:06  Barracks  
  64  8:11  SCV, Supply Depot  
  65  8:13  Marine  
  65  8:14  SCV  
  65  8:16  Supply Depot  
  65  8:17  SCV  
  68  8:23  SCV  
  68  8:26  SCV  
  70  8:29  SCV  
  70  8:31  Marine  
  72  8:35  Bunker  
  72  8:36  SCV  
  72  8:39  SCV  
  72  8:41  SCV  
  73  8:49  Marine  
  73  8:51  SCV  
  73  8:53  SCV, Marine  
  77  8:55  Marine  
  77  8:58  Marine  
  63  9:12  Supply Depot  
  63  9:14  Supply Depot  
  63  9:15  Supply Depot  
Show
View Real Time Build Order
Export as new Build Order

LiquidTLO Zerg - Winner!

Build Orders: Pool First, Roach Nydus 

Get SALT Encoding   

  12  0:00  Drone  
  13  0:08  Drone  
  14  0:17  Overlord  
  15  0:35  Drone x2  
  15  0:41  Spawning Pool  
  15  0:44  Drone  
  15  0:48  Drone  
  17  1:09  Hatchery  
  16  1:13  Drone  
  17  1:22  Drone  
  17  1:25  Extractor  
  17  1:27  Queen  
  17  1:31  Zergling x2  
  20  1:39  Overlord  
  20  1:43  Drone  
  21  1:54  Drone  
  22  2:02  Drone  
  22  2:03  Queen  
  25  2:12  Drone  
  26  2:21  Drone, Queen  
  29  2:23  Drone  
  29  2:26  Metabolic Boost  
  30  2:32  Drone  
  30  2:34  Drone  
  30  2:36  Drone  
  33  2:41  Overlord  
  33  2:44  Drone  
  33  2:48  Drone  
  35  2:54  Overlord  
  35  2:55  Drone  
  36  3:01  Drone  
  36  3:05  Drone  
  38  3:09  Drone  
  38  3:11  Zergling x4  
  41  3:13  Zergling x2  
  42  3:21  Hatchery  
  41  3:29  Zergling x2  
  41  3:31  Lair  
  41  3:32  Drone  
  41  3:33  Drone  
  44  3:36  Drone  
  44  3:38  Extractor  
  44  3:39  Drone  
  44  3:40  Extractor, Drone  
  45  3:43  Drone  
  45  3:46  Drone  
  47  3:54  Drone, Roach Warren  
  47  3:58  Drone  
  47  4:00  Overlord  
  47  4:01  Drone  
  48  4:04  Drone  
  48  4:07  Zergling x4  
  51  4:14  Drone  
  52  4:21  Queen  
  54  4:30  Nydus Network  
  53  4:35  Glial Reconstitution  
  53  4:37  Roach x4  
  61  4:40  Overlord  
  61  4:45  Queen  
  63  4:49  Roach  
  63  4:51  Overlord  
  65  5:03  Roach x3  
  65  5:04  Overlord, Roach  
  73  5:08  Nydus Canal  
  73  5:10  Roach  
  75  5:14  Roach  
  75  5:15  Overseer  
  75  5:18  Roach  
  75  5:21  Roach  
  81  5:23  Roach  
  81  5:28  Roach  
  84  5:37  Roach x2  
  84  5:38  Roach  
  84  5:42  Overlord  
  90  5:45  Overlord  
  90  5:48  Ravager  
  89  5:54  Overlord  
  89  5:55  Overseer, Overlord  
  83  6:05  Roach x2  
  83  6:09  Ravager  
  83  6:10  Ravager  
  87  6:12  Roach  
  87  6:24  Overlord  
  87  6:25  Roach  
  89  6:26  Overlord  
  89  6:27  Overlord  
  89  6:29  Drone  
  89  6:30  Roach x3  
  89  6:31  Queen  
  96  6:34  Ravager  
  96  6:37  Roach  
  97  6:45  Roach  
  81  6:48  Roach  
  81  6:49  Roach x2  
  81  6:51  Queen x2  
  77  6:54  Roach  
  77  6:57  Roach  
  78  7:04  Extractor  
  78  7:07  Roach x2  
  80  7:10  Drone  
  80  7:14  Queen  
  80  7:15  Drone  
  84  7:18  Drone  
  85  7:23  Spore Crawler  
  85  7:24  Roach  
  85  7:26  Roach  
  85  7:27  Roach  
  81  7:35  Spore Crawler  
  78  7:39  Drone x3  
  82  7:44  Drone x2, Evolution Chamber  
  82  7:45  Drone, Evolution Chamber  
  82  7:47  Drone  
  83  7:52  Drone, Overseer  
  83  7:54  Drone  
  83  7:55  Drone  
  83  7:56  Drone  
  87  8:03  Drone  
  88  8:07  Drone  
  88  8:10  Nydus Canal  
  89  8:14  Roach  
  89  8:16  Ravager x5  
  89  8:17  Ravager  
  89  8:18  Overlord  
  89  8:19  Roach  
  99  8:22  Roach  
  99  8:24  Roach  
  103  8:31  Roach  
  103  8:33  Roach  
  105  8:35  Roach  
  105  8:37  Roach  
  105  8:40  Roach  
  109  8:42  Roach  
  109  8:46  Roach  
  109  8:50  Roach  
  108  8:59  Roach  
Tags
 
Add a new tag
Caveats
  • Supply blocks, unpowered buildings, or Contaminate may cause inaccurate times.
  • Supply counts are checked every 10 seconds.